 Dungeon Crawl Stone Soup version 0.32-a0-540-g866d13106e (webtiles) character file.

Game seed: 6315104207593135783

39338 eruonna the Fencer (level 14, -1/187 HPs)
             Began as a Barachi Berserker on Feb 28, 2024.
             Was an Elder of Trog.
             Slain by Snorg (17 damage)
             ... on level 4 of the Lair of Beasts on Feb 29, 2024.
             The game lasted 01:36:27 (18268 turns).

eruonna the Fencer (Barachi Berserker)             Turns: 18268, Time: 01:36:27

Health: -1/187     AC: 20    Str: 30    XL:     14   Next: 6%
Magic:  0/14       EV:  9    Int:  7    God:    Trog [****..]
Gold:   226        SH:  0    Dex: 12    Spells: 13/13 levels left

rFire   . . .        C - +6 great sword
rCold   . . .        (shield currently unavailable)
rNeg    . . .        B - +0 plate armour
rPois   .            i - +0 helmet
rElec   .            h - +0 cloak
rCorr   .            (no gloves)
SInv    .            M - +1 pair of boots
Will    +....        E - amulet of guardian spirit Stlth
                     c - +6 ring of strength
HPRegen 0.51/turn    (no ring)
MPRegen 0.14/turn

%: guardian spirit
@: berserking, quick
A: amphibious, slowness 1, strong legs 2, +LOS
a: Hop, Renounce Religion, Berserk, Trog's Hand, Brothers in Arms


You were on level 4 of the Lair of Beasts.
You worshipped Trog.
Trog was greatly pleased with you.
You visited 2 branches of the dungeon, and saw 15 of its levels.

You collected 563 gold pieces.
You spent 337 gold pieces at shops.

Inventory:

Hand Weapons
 a - a +0 heavy falchion
 l - a +2 great sword
 C - a +6 great sword (weapon)
Missiles
 d - 100 stones
 F - 6 boomerangs (quivered)
Armour
 h - a +0 cloak (worn)
 i - a +0 helmet (worn)
 p - the +1 ring mail "Neawkan" {rPois Dex+3}
   (You found it on level 3 of the Dungeon)

   Dex+3:     It affects your dexterity (+3).
   rPois:     It protects you from poison
 B - a +0 plate armour (worn)
 D - a +1 chain mail of fire resistance
 M - a +1 pair of boots (worn)
Jewellery
 c - a +6 ring of strength (left hand)
 y - a ring of positive energy
 z - a +5 ring of evasion
 E - an amulet of guardian spirit (around neck)
Wands
 s - a wand of digging (8)
 t - a wand of flame (15)
 u - a wand of roots (14)
 A - a wand of polymorph (6)
 H - a wand of acid (4)
Scrolls
 b - a scroll of vulnerability
 e - 6 scrolls of fog
 r - a scroll of poison
 v - 6 scrolls of teleportation
 x - 2 scrolls of immolation
 G - a scroll of fear
 N - a scroll of blinking
Potions
 f - 9 potions of curing
 g - a potion of attraction
 j - 2 potions of mutation
 k - 2 potions of lignification
 m - a potion of heal wounds
 n - 2 potions of might
 o - 3 potions of brilliance
 q - 2 potions of invisibility
 w - a potion of magic
 I - a potion of enlightenment
 K - a potion of haste
 L - a potion of ambrosia {unknown}


   Skills:
 + Level 16.0 Fighting
 - Level 20.0 Long Blades
 + Level 1.3 Throwing
 + Level 11.5 Armour
 - Level 2.1 Dodging
 - Level 5.0 Evocations


You had 13 spell levels left.
You didn't know any spells.
Your spell library was empty.

Dungeon Overview and Level Annotations

Branches:
Dungeon (11/15)            Temple (0/1) D:4            Lair (4/5) D:11
 Shoals (0/4) Lair:2        Snake (0/4) Lair:2        Slime (0/5) Lair:4
    Orc: D:9-12

Altars:
Cheibriados
Kikubaaqudgha
Nemelex Xobeh

Shops:
D:9 [   D:10 !

Annotations:
D:6 1 runed translucent door, Crazy Yiuf
Lair:4 Snorg


Innate Abilities, Weirdness & Mutations

You are amphibious.
You cover ground slowly.
You can hop long distances.
You have an extended range of vision and can be seen from far away.


Message History

Snorg claws you but does no damage.
You slash Snorg!
Snorg is moderately wounded.
Snorg bites you! Snorg barely misses you. Snorg closely misses you.
You closely miss Snorg.
Snorg is moderately wounded.
Snorg bites you!! Snorg claws you. Snorg claws you!
You slash Snorg!
Snorg is moderately wounded.
Snorg bites you. Snorg claws you. Snorg barely misses you.
A red film seems to cover your vision as you go berserk!
You feel yourself moving faster!
You feel mighty! Snorg bites you. Snorg claws you!
Snorg claws you but does no damage. Snorg bites you but does no damage.
Snorg claws you!!
* * * LOW HITPOINT WARNING * * *
Snorg claws you but does no damage.
You completely miss Snorg.
Snorg is moderately wounded.
You slice Snorg!!
Snorg is heavily wounded.
Snorg bites you!
* * * LOW HITPOINT WARNING * * *
Snorg barely misses you. Snorg claws you but does no damage.
You slash Snorg!
Snorg is severely wounded.
Snorg bites you.
* * * LOW HITPOINT WARNING * * *
Snorg claws you!
* * * LOW HITPOINT WARNING * * *
Snorg closely misses you.
You are too berserk!
You barely miss Snorg.
Snorg is severely wounded.
Snorg closely misses you. Snorg barely misses you. Snorg closely misses you.
You slice Snorg!!
Snorg is almost dead.
Snorg bites you.
* * * LOW HITPOINT WARNING * * *
Snorg claws you!!
You die...

..............#.
...............
..............
.............
............ .
........... ### .
..........## ..## .
.........#.# ....#
.
.......>@T###....#.
.
..................#
.
.......P..P........
.
#....#.##........$.
. .##. ##
##.....[... . #
#......... .
#......... .
##........ .
........ .


You could see Snorg (berserk).

Vanquished Creatures
  Gastronok (Lair:1)
  A hydra (Lair:2)
  5 two-headed ogres
  A boulder beetle (D:11)
  2 skysharks (Lair:3)
  A necromancer (D:9)
  Pikel (D:5)
  A cyclops (D:8)
  A merfolk siren (Lair:2)
  3 black mambas
  4 slime creatures (D:11)
  A gargoyle (D:11)
  13 cane toads
  Jeremiah (D:6)
  An unseen horror (D:10)
  2 rime drakes
  4 komodo dragons
  8 polar bears
  4 blink frogs (Lair:1)
  A vampire (D:9)
  74 yaks
  A shadow (D:11)
  A wyvern (Lair:2)
  2 basilisks
  3 vampire mosquitoes (D:11)
  Edmund (D:5)
  3 nagas (Lair:2)
  9 water moccasins
  Duvessa (D:5)
  4 orc warriors
  A sky beast (D:7)
  8 black bears (Lair:1)
  2 ogres (D:7)
  11 wolves
  6 centaurs
  3 phantoms
  5 kobold brigands
  14 bullfrogs
  2 scorpions (D:6)
  8 wights
  Dowan (D:5)
  16 killer bees
  2 howler monkeys
  2 vampire bats (D:3)
  6 hounds
  A bombardier beetle (D:3)
  6 jellies
  3 gnoll boudas
  10 orc priests
  4 iguanas
  3 sleepcaps
  10 orc wizards
  2 polar bear simulacra (D:9)
  3 yak simulacra (D:9)
  3 wolf simulacra (D:9)
  13 gnolls
  5 adders
  A shadow imp (D:5)
  3 white imps
  3 dart slugs
  2 ribbon worms
  23 orcs
  2 bats
  3 bat skeletons (D:3)
  3 bat zombies (D:3)
  6 endoplasms
  3 giant cockroaches (D:1)
  11 goblins
  5 hobgoblins
  3 quokkas
  5 ball pythons
  3 frilled lizards
  26 kobolds
  6 rats
  3 river rat simulacra (D:9)
416 creatures vanquished.

Vanquished Creatures (collateral kills)
  A hydra (Lair:3)
1 creature vanquished.

Grand Total: 417 creatures vanquished

Notes
Turn   | Place    | Note
-------+----------+-------------------------------------------
     0 | D:1      | eruonna the Barachi Berserker began the quest for the Orb.
     0 | D:1      | Reached XP level 1. HP: 18/18 MP: 1/1
    41 | D:1      | Reached skill level 4 in Long Blades
    95 | D:1      | Reached XP level 2. HP: 21/24 MP: 2/2
   491 | D:1      | Reached skill level 5 in Long Blades
   491 | D:1      | Reached XP level 3. HP: 21/29 MP: 3/3
   495 | D:1      | Reached ** piety under Trog
   924 | D:2      | You fall into a shaft and drop 1 floor!
   949 | D:3      | Reached XP level 4. HP: 9/38 MP: 4/4
  1097 | D:3      | Reached skill level 5 in Fighting
  1901 | D:3      | Found a faded altar of an unknown god.
  2297 | D:3      | Found an ancient bone altar of Kikubaaqudgha.
  2304 | D:3      | Identified the +1 ring mail "Neawkan" {rPois Dex+3}
  2309 | D:3      | Reached XP level 5. HP: 43/44 MP: 5/5
  2322 | D:3      | Reached skill level 6 in Long Blades
  2529 | D:4      | Reached skill level 7 in Long Blades
  2529 | D:4      | Reached XP level 6. HP: 51/51 MP: 6/6
  2896 | D:4      | Reached skill level 8 in Long Blades
  2923 | D:4      | Reached XP level 7. HP: 52/56 MP: 7/7
  3081 | D:4      | Reached *** piety under Trog
  3089 | D:4      | Found a staircase to the Ecumenical Temple.
  3171 | D:5      | Entered Level 5 of the Dungeon
  3281 | D:5      | Noticed Edmund
  3294 | D:5      | Killed Edmund
  3295 | D:5      | Reached skill level 9 in Long Blades
  3372 | D:5      | Noticed Dowan
  3384 | D:5      | Killed Dowan
  3418 | D:5      | Noticed Duvessa
  3429 | D:5      | Killed Duvessa
  3430 | D:5      | Reached skill level 10 in Long Blades
  3430 | D:5      | Reached XP level 8. HP: 36/62 MP: 8/8
  3679 | D:5      | Noticed Pikel
  3689 | D:5      | Killed Pikel
  3690 | D:5      | Reached skill level 12 in Long Blades
  3882 | D:5      | Upgraded the game from 0.32-a0-520-g344ed53f66 to
                  | 0.32-a0-540-g866d13106e
  4437 | D:6      | Reached skill level 13 in Long Blades
  4437 | D:6      | Reached XP level 9. HP: 63/68 MP: 9/9
  4630 | D:6      | Noticed Jeremiah
  4656 | D:6      | Killed Jeremiah
  4792 | D:6      | Reached skill level 14 in Long Blades
  4928 | D:6      | Found a runed translucent door.
  4929 | D:6      | Noticed Crazy Yiuf
  5497 | D:7      | Reached skill level 15 in Long Blades
  6338 | D:7      | Reached XP level 10. HP: 65/80 MP: 10/10
  6922 | D:7      | Found a sparkling altar of Nemelex Xobeh.
  7283 | D:8      | Found a snail-covered altar of Cheibriados.
  7606 | D:8      | Noticed a two-headed ogre
  7620 | D:8      | Killed a two-headed ogre
  7621 | D:8      | Reached skill level 10 in Fighting
  7756 | D:8      | Noticed a cyclops
  7774 | D:8      | Killed a cyclops
  7914 | D:8      | Noticed a two-headed ogre
  7923 | D:8      | Killed a two-headed ogre
  8776 | D:9      | Reached XP level 11. HP: 92/97 MP: 11/11
  9147 | D:9      | Reached skill level 5 in Armour
  9192 | D:9      | Found Queveat's Armour Boutique.
  9203 | D:9      | Bought a +1 chain mail of fire resistance for 247 gold
                  | pieces
  9356 | D:9      | Noticed a necromancer
  9386 | D:9      | Killed a necromancer
  9394 | D:9      | Reached **** piety under Trog
 10308 | D:10     | Entered Level 10 of the Dungeon
 10504 | D:10     | Noticed a two-headed ogre
 10516 | D:10     | Killed a two-headed ogre
 10607 | D:10     | Reached skill level 5 in Evocations
 11018 | D:10     | Found Enykhoun's Assorted Antiques.
 11030 | D:10     | Noticed a two-headed ogre
 11060 | D:10     | Killed a two-headed ogre
 11061 | D:10     | Reached skill level 10 in Armour
 11351 | D:10     | Found Wedixzag's Distillery.
 11360 | D:10     | Bought a potion of enlightenment for 50 gold pieces
 11360 | D:10     | Bought a potion of might for 40 gold pieces
 11499 | D:10     | Reached XP level 12. HP: 97/105 MP: 10/12
 11740 | D:11     | Found a staircase to the Lair.
 12104 | D:11     | Noticed a two-headed ogre
 12114 | D:11     | Killed a two-headed ogre
 12331 | D:11     | Reached skill level 15 in Fighting
 12678 | D:11     | Noticed a boulder beetle
 12710 | D:11     | HP: 1/109 [boulder beetle (35)]
 12711 | D:11     | Killed a boulder beetle
 12712 | D:11     | Reached skill level 16 in Long Blades
 13439 | Lair:1   | Entered Level 1 of the Lair of Beasts
 13824 | Lair:1   | Reached skill level 17 in Long Blades
 14167 | Lair:1   | Gained mutation: You can hop long distances. [Barachi
                  | growth]
 14167 | Lair:1   | Reached XP level 13. HP: 80/115 MP: 10/13
 14349 | Lair:1   | Reached skill level 18 in Long Blades
 14676 | Lair:1   | Noticed Gastronok
 14694 | Lair:1   | Killed Gastronok
 15530 | Lair:2   | Found a staircase to the Shoals.
 15536 | Lair:2   | Reached skill level 19 in Long Blades
 15779 | Lair:2   | Found a staircase to the Snake Pit.
 16315 | Lair:2   | Reached skill level 20 in Long Blades
 17704 | Lair:3   | Reached XP level 14. HP: 124/124 MP: 14/14
 17740 | Lair:3   | Reached skill level 1 in Throwing
 18030 | Lair:4   | Found a staircase to the Slime Pits.
 18250 | Lair:4   | Noticed Snorg
 18268 | Lair:4   | Slain by Snorg

Illustrated notes

Levels and vault maps discovered:
D:1:      zelgadis_glass_arrival_small, layout_loops_ring
D:2:      layout_loops_ring
D:3:      layout_loops_ring, kennysheep_vampire_church,
          hellmonk_ecumenical_altar_crossroads
D:4:      layout_rooms, temple_doors_cd
D:5:      layout_loops_cross, uniq_edmund, uniq_duvessa, uniq_pikel
D:6:      layout_loops_cross, uniq_jeremiah, uniq_crazy_yiuf_cottage
D:7:      kb_forest_paths, layout_loops_ring, nemelex_dance_club_becter
D:8:      layout_basic, cheibrodos_worm_habitat
D:9:      layout_loops_corners, serial_shops, shop, eino_house_with_fridge
D:10:     layout_rooms, serial_shops, shop, shop
D:11:     layout_basic, erik_lair_orcish_takeover
Lair:1:   beast_lair_carwin_large_4, layout_long_grid, serial_bayou_shore_a,
          infiniplex_staircase_pool, uniq_gastronok
Lair:2:   layout_roguey, elwin_shoals_entry_rooms, guppyfry_snake_entry_garden,
          patterned_corridor
Lair:3:   layout_hall_layers, lemuel_old_faithful, lemuel_fruit_tree
Lair:4:   beargit_carnivore_pack, layout_cave_pods,
          nicolae_slime_entry_field_trip

Skill      XL: |  1  2  3  4  5  6  7  8  9 10 11 12 13 14 |
---------------+-------------------------------------------+-----
Long Blades    | 4 5 7 8 10 13 15 17 20 | 20.0
Fighting       | 4 5 7 12 13 15 16 | 16.0
Armour         | 3 10 11 | 11.5
Evocations     | 5 |  5.0
Throwing       | 1 |  1.3
Dodging        | |  2.1

Action                     |  1- 3 |  4- 6 |  7- 9 | 10-12 | 13-15 || total
---------------------------+-------+-------+-------+-------+-------++-------
  Melee: Falchion          |   104 |    38 |       |       |       ||   142
         Great sword       |       |   103 |   254 |   699 |   352 ||  1408
  Throw: Stone             |     3 |       |       |       |       ||     3
         Boomerang         |       |       |       |       |     3 ||     3
 Invoke: Berserk           |       |     1 |     7 |     8 |     3 ||    19
         Trog's Hand       |       |       |     5 |    15 |     5 ||    25
         Brothers in Arms  |       |       |       |       |     2 ||     2
Ability: Hop               |       |       |     1 |       |       ||     1
  Evoke: Wand              |       |       |       |     2 |     9 ||    11
    Use: Scroll            |     6 |     3 |     7 |     7 |     4 ||    27
         Potion            |     1 |       |       |     2 |       ||     3
 Armour: Animal skin       |     8 |       |       |       |       ||     8
         Leather armour    |    28 |    16 |       |       |       ||    44
         Ring mail         |       |   121 |   200 |   143 |       ||   464
         Chain mail        |       |       |       |   393 |    50 ||   443
         Plate armour      |       |       |       |       |   233 ||   233
  Dodge: Dodged            |    54 |   121 |   108 |   299 |   130 ||   712
         Repelled          |     1 |     5 |       |       |       ||     6

Table legend: (Time is in decaauts)
 A = Elapsed time spent in this place.
 B = Non-inter-level travel time spent in this place.
 C = Inter-level travel time spent in this place.
 D = Time resting spent in this place.
 E = Time spent auto-exploring this place.
 F = Levels seen in this place.
 G = Mean time per level.
                   A        B        C        D        E       F      G
               +--------+--------+--------+--------+--------+-----+--------+
         Total |  20166 |  19511 |    655 |   4804 |  10819 |  15 | 1344.4 |
       Dungeon |  15033 |  14462 |    571 |   3141 |   8641 |  11 | 1366.6 |
          Lair |   5132 |   5048 |     84 |   1662 |   2178 |   4 | 1283.0 |
               +--------+--------+--------+--------+--------+-----+--------+

Top non-repeatable levels by time:
     D:9: 1961 daAuts
     D:7: 1950 daAuts
    D:11: 1945 daAuts
  Lair:1: 1886 daAuts
  Lair:2: 1826 daAuts
     D:8: 1582 daAuts
    D:10: 1460 daAuts
     D:5: 1380 daAuts
  Lair:3: 1354 daAuts
     D:6: 1059 daAuts
     D:3: 1015 daAuts
     D:1: 906 daAuts
     D:2: 893 daAuts
     D:4: 878 daAuts
  Lair:4: 64 daAuts
